 Dungeon Crawl Stone Soup version 0.23.2-40-g277498a001 (webtiles) character file.

Game seed: 7785224511187979690

53 Htamos the Magician (level 3, -1/19 HPs)
             Began as a Deep Elf Wizard on Aug 30, 2019.
             Blown up by Ijyb (20 damage)
             ... with a wand of disintegration (12)
             ... on level 3 of the Dungeon.
             The game lasted 00:05:34 (2219 turns).

Htamos the Magician (Deep Elf Wizard)               Turns: 2219, Time: 00:05:35

Health: -1/19      AC:  3    Str:  4    XL:     3   Next: 64%
Magic:  13/13      EV: 13    Int: 23    God:
Gold:   87         SH:  0    Dex: 13    Spells: 10/15 levels left

rFire    . . .     SeeInvis .   n - +0 short sword
rCold    . . .     Gourm    .   (no shield)
rNeg     . . .     Faith    .   a - +0 robe
rPois    .         Spirit   .   b - +1 hat
rElec    .         Reflect  .   (no cloak)
rCorr    .         Harm     .   (no gloves)
MR       .....                  (no boots)
Stlth    ++........             (no amulet)
HPRegen  0.06/turn              (no ring)
MPRegen  0.13/turn              (no ring)

@: no status effects
A: no striking features
a: no special abilities


You were on level 3 of the Dungeon.
You were not hungry.

You visited 1 branch of the dungeon, and saw 3 of its levels.

You collected 87 gold pieces.

Inventory:

Hand Weapons
 n - a +0 short sword (weapon)
Armour
 a - a +0 robe (worn)
 b - a +1 hat (worn)
 l - a +0 ring mail
Jewellery
 h - a cursed ring of attention {unknown}
 k - an uncursed ring of protection from magic {unknown}
Wands
 q - a wand of iceblast (6)
 s - a wand of paralysis (11)
Scrolls
 c - a scroll of enchant armour
 e - a scroll of fear {unknown}
 g - a scroll of enchant weapon {unknown}
 j - 2 scrolls of teleportation {unknown}
 o - 2 scrolls of identify {unknown}
 u - a scroll of random uselessness {unknown}
Potions
 f - a potion of brilliance {unknown}
 i - 2 potions of haste {unknown}
 m - a potion of berserk rage {unknown}
 r - a potion of agility {unknown}
 t - a potion of mutation {unknown}
Comestibles
 d - 2 rations
 p - 2 chunks of flesh


   Skills:
 - Level 2.4 Dodging
 - Level 2.4 Stealth
 + Level 6.5 Spellcasting
 - Level 1.1 Conjurations
   Level 1.1 Summonings
 - Level 1.1 Translocations


You had 10 spell levels left.
You knew the following spells:

 Your Spells              Type           Power        Failure   Level  Hunger
a - Magic Dart            Conj           ##..         5%          1    None
b - Blink                 Tloc           N/A          8%          2    None
c - Slow                  Hex            #.......     12%         2    None

Your spell library contained the following spells:

 Spells                   Type           Power        Failure   Level  Hunger
 Call Imp                 Summ           ##......     8%          2    None
 Conjure Flame            Conj/Fire      ##......     19%         3    None
 Mephitic Cloud           Conj/Pois/Air  #.......     22%         3    None


Dungeon Overview and Level Annotations

Branches:
Dungeon (3/15)

Altars:
Ashenzari
Elyvilon
Fedhas
Okawaru

Annotations:
D:1 exclusion: gnoll
D:2 exclusion: downstairs
D:3 Ijyb, Terence


Message History

Aim: an orc, wielding a +0 club and wearing a +0 ring mail (severely wounded)
The magic dart hits the orc.
You kill the orc!
* * * LOW MAGIC WARNING * * *
Things that are here:
a +0 club; a +0 ring mail Your magical contamination has completely faded away.
Eating one of 3 chunks of flesh.
You eat one of the 3 chunks of flesh.
This raw flesh tastes terrible.
Things that are here:
a +0 club; a +0 ring mail Ijyb the Twisted Goblin comes into view.
She is carrying a wand of disintegration (12).
Ijyb shouts!
Evoke which item? (* to show all) (? for menu, Esc to quit)
Aiming: Paralyse
Press: ? - help, Shift-Dir - straight line, f - Ijyb
Aim: Ijyb, wearing a +0 scale mail and carrying a wand of disintegration (12) (chance to defeat MR: 54%) Ijyb resists with significant effort.
Ijyb zaps a wand.
You are blasted!
Ouch! That really hurt!
You die...

#.....##.# #.........#.#
...#.#.....##.# #.####....#.#
..#.#.....##.# #.#..#.####.#
#.#.#.....##.# #.#..#......#
#...#.....##.# #.##.#.#######
#...#....###.# #..........÷..
#...##+#.###.################
#......#....[.....)..........
#.#...########@###########.....
#.....)..g..........# #.....
###.#..#######.####.# #.....
#.##.# #.# ##..... #. #..# #.#
#...... #. ....† #.# #...... #.
...... #.# #...... #.#.......
#.# #.....# #.#....... #.#
#.....#


You could see Ijyb.

Vanquished Creatures
  2 adders
  2 dart slugs (D:2)
  2 leopard geckos (D:2)
  3 orcs (D:3)
  2 giant cockroaches
  2 goblins (D:2)
  5 kobolds
  A quokka (D:2)
  6 bats
  2 frilled lizards (D:2)
  2 rats
29 creatures vanquished.

Notes
Turn   | Place    | Note
-------+----------+-------------------------------------------
     0 | D:1      | Htamos the Deep Elf Wizard began the quest for the Orb.
     0 | D:1      | Reached XP level 1. HP: 10/10 MP: 7/7
   600 | D:2      | Reached skill level 5 in Spellcasting
   698 | D:2      | Reached XP level 2. HP: 15/15 MP: 3/10
   781 | D:2      | Learned a level 2 spell: Blink
   784 | D:2      | Learned a level 2 spell: Slow
  1071 | D:2      | Found a white marble altar of Elyvilon.
  1286 | D:2      | Reached XP level 3. HP: 19/19 MP: 9/12
  1314 | D:2      | Reached skill level 6 in Spellcasting
  1485 | D:2      | Found a shattered altar of Ashenzari.
  1485 | D:2      | Found an iron altar of Okawaru.
  1490 | D:2      | Found a blossoming altar of Fedhas.
  1492 | D:2      | Found a faded altar of an unknown god.
  1494 | D:2      | Found a faded altar of an unknown god.
  1625 | D:3      | Noticed Terence
  2218 | D:3      | Noticed Ijyb
  2219 | D:3      | Blown up by Ijyb

Skill      XL: |  1  2  3 |
---------------+----------+-----
Spellcasting   | 5 6 |  6.5
Dodging        | |  2.4
Stealth        | |  2.4
Conjurations   | |  1.1
Summonings     | |  1.1
Translocations | |  1.1

Action                   || total
-------------------------++-------
 Cast: Magic Dart        ||    91
       Slow              ||     3
Evoke: Wand              ||     1
  Use: Scroll            ||     1
  Eat: Chunk             ||     4
Armor: Robe              ||     5
Dodge: Dodged            ||    20
